 Dungeon Crawl Stone Soup version 0.26-a0-958-gf3041fb45f (webtiles) character file.

Game seed: 15120545455257062807

128 Dracia the Poker (level 4, -3/33 HPs)
             Began as a Demonspawn Warper on Dec 1, 2020.
             Slain by a wight
             ... wielding a +3 great sword of freezing
              (12 damage)
             ... on level 4 of the Dungeon.
             The game lasted 00:03:26 (2281 turns).

Dracia the Poker (Demonspawn Warper)                Turns: 2281, Time: 00:03:27

Health: -3/33      AC:  3    Str: 11    XL:     4   Next: 87%
Magic:  0/7        EV: 11    Int: 15    God:
Gold:   67         SH:  0    Dex: 13    Spells: 2/7 levels left

rFire    . . .     SeeInvis .   a - +0 spear
rCold    . . .     Faith    .   (no shield)
rNeg     . . .     Spirit   +   b - +0 leather armour
rPois    .         Reflect  .   (no helmet)
rElec    .         Harm     .   (no cloak)
rCorr    .         Rampage  .   (no gloves)
MR       .....                  (no boots)
Stlth    +.........             (no amulet)
HPRegen  0.11/turn              (no ring)
MPRegen  0.20/turn              (no ring)

@: lightly drained
A: magic shield, magic regeneration
a: no special abilities


You were on level 4 of the Dungeon.
You visited 1 branch of the dungeon, and saw 3 of its levels.

You collected 67 gold pieces.


Innate Abilities, Weirdness & Mutations

When hurt, damage is shared between your health and your magic reserves.
You regenerate magic rapidly.


   Skills:
 - Level 2.0(1.7) Fighting
 * Level 4.0(3.6) Polearms
 - Level 0.8(0.5) Throwing
 - Level 0.8(0.5) Armour
 - Level 1.7(1.4) Dodging
 - Level 2.0(1.7) Spellcasting
 + Level 3.6(3.3) Translocations


You had 2 spell levels left.
You knew the following spells:

 Your Spells              Type           Power        Failure   Level
a - Blink                 Tloc           N/A          12%         2
b - Gell's Gravitas       Tloc           ##........   22%         3

Your spell library contained the following spells:

 Spells                   Type           Power        Failure   Level
 Lesser Beckoning         Tloc           ##........   22%         3
 Teleport Other           Tloc           ##......     22%         3
 Passage of Golubria      Tloc           N/A          58%         4

Inventory:

Hand Weapons
 a - a +0 spear (weapon)
Missiles
 e - 5 boomerangs of dispersal (quivered) {=f}
Armour
 b - a +0 leather armour (worn)
Jewellery
 n - an uncursed ring of fire {unknown}
 p - an uncursed ring of flight {unknown}
Scrolls
 c - 5 scrolls of noise {unknown}
 d - a scroll of blinking
 f - a scroll of fog {unknown}
 h - a scroll of remove curse {unknown}
 i - 3 scrolls of identify {unknown}
 j - a scroll of amnesia {unknown}
 o - 2 scrolls of teleportation {unknown}
Potions
 g - 2 potions of cancellation {unknown}
 m - a potion of mutation {unknown}

Dungeon Overview and Level Annotations

Branches:
Dungeon (2/15)

Altars:
Dithmenos
Vehumet

#. #.########
#### #$.......
####... .z.!..#
....... #.....#
......? #.....#
.......###z.†..#
#+##........#
#@##.##.....#
#z##.########
#....# ######


You could see a wight.


Message History

The wight is severely damaged.
The wight hits you with a +3 great sword of freezing!
You feel drained. The wight freezes you.
* * * LOW HITPOINT WARNING * * *
You closely miss the wight.
The wight is severely damaged.
The wight closely misses you.
You hit the wight but do no damage.
The wight is severely damaged.
The wight hits you with a +3 great sword of freezing!
* * * LOW HITPOINT WARNING * * *
The wight freezes you.
* * * LOW HITPOINT WARNING * * *
You hit the wight.
The wight is severely damaged.
You hit the wight but do no damage.
The wight is severely damaged.
The wight barely misses you.
You hit the wight.
The wight is almost destroyed.
The wight barely misses you.
You hit the wight but do no damage.
The wight is almost destroyed.
You hit the wight but do no damage.
The wight is almost destroyed.
The wight barely misses you.
You closely miss the wight.
The wight is almost destroyed.
The wight hits you with a +3 great sword of freezing!
You die...

Skill      XL: |  1  2  3  4 |
---------------+-------------+-----
Polearms       | 2 3 4 |  4.0
Translocations | 3 |  3.6
Fighting       | |  2.0
Throwing       | |  0.8
Armour         | |  0.8
Dodging        | |  1.7
Spellcasting   | |  2.0

Action                   |  1- 3 |  4- 6 || total
-------------------------+-------+-------++-------
Melee: Spear             |   165 |    45 ||   210
  Use: Potion            |       |     2 ||     2
Armor: Leather armour    |    36 |     5 ||    41
Dodge: Dodged            |    87 |    18 ||   105

Levels and vault maps discovered:
D:1:      wander_arrival_abandoned_jail, layout_basic
D:2:      layout_rooms, fiery_altar_vehumet, lemuel_crystal_altar, hex_medium
D:4:      layout_basic

Notes
Turn   | Place    | Note
-------+----------+-------------------------------------------
     0 | D:1      | Dracia the Demonspawn Warper began the quest for the Orb.
     0 | D:1      | Reached XP level 1. HP: 16/16 MP: 3/3
    18 | D:1      | Reached skill level 2 in Polearms
   148 | D:1      | Gained mutation: When hurt, damage is shared between your
                  | health and your magic reserves. [demonic ancestry]
   148 | D:1      | Reached XP level 2. HP: 11/22 MP: 5/5
   501 | D:1      | Reached skill level 3 in Translocations
   769 | D:1      | Gained mutation: You regenerate magic rapidly. [demonic
                  | ancestry]
   769 | D:1      | Reached XP level 3. HP: 20/27 MP: 4/6
   791 | D:1      | Learned a level 2 spell: Blink
   795 | D:1      | Learned a level 3 spell: Gell's Gravitas
  1082 | D:2      | Found a shadowy altar of Dithmenos.
  1093 | D:2      | Reached skill level 3 in Polearms
  1752 | D:2      | Reached XP level 4. HP: 22/33 MP: 4/7
  1976 | D:2      | Found a radiant altar of Vehumet.
  2137 | D:2      | You fall into a shaft and drop 2 floors!
  2154 | D:4      | Reached skill level 4 in Polearms
  2281 | D:4      | Slain by a wight

Vanquished Creatures
  A scorpion (D:4)
  3 adders (D:2)
  A dart slug (D:2)
  A leopard gecko (D:2)
  7 giant cockroaches
  11 goblins
  5 hobgoblins
  8 kobolds
  A quokka (D:2)
  A ball python (D:1)
  3 bats
  A frilled lizard (D:1)
  2 rats (D:1)
45 creatures vanquished.

Vanquished Creatures (others)
  A hobgoblin (D:2)
1 creature vanquished.

Grand Total: 46 creatures vanquished

Table legend: (Time is in decaauts)
 A = Elapsed time spent in this place.
 B = Non-inter-level travel time spent in this place.
 C = Inter-level travel time spent in this place.
 D = Time resting spent in this place.
 E = Time spent auto-exploring this place.
 F = Levels seen in this place.
 G = Mean time per level.
                   A        B        C        D        E       F      G
               +--------+--------+--------+--------+--------+-----+--------+
         Total |   2253 |   2247 |      6 |     85 |   1833 |   3 |  751.0 |
       Dungeon |   2253 |   2247 |      6 |     85 |   1833 |   3 |  751.0 |
               +--------+--------+--------+--------+--------+-----+--------+

Top non-repeatable levels by time:
     D:2: 1084 daAuts
     D:1: 1045 daAuts
     D:4: 123 daAuts

Table legend:
 A = Non-vault XP
 B = Vault XP
 C = Vault XP percentage of total XP
 D = Non-vault monster count
 E = Vault monster count
 F = Vault count percentage of total count
                 A         B        C        D         E       F
            +---------+---------+-------+---------+---------+-------
      Total |     184 |       0 |   0.0 |      45 |       0 |   0.0
            +---------+---------+-------+---------+---------+-------
        D:1 |      44 |       0 |   0.0 |      26 |       0 |   0.0
        D:2 |      70 |       0 |   0.0 |      18 |       0 |   0.0
        D:4 |      70 |       0 |   0.0 |       1 |       0 |   0.0
            +---------+---------+-------+---------+---------+-------
